 Dungeon Crawl Stone Soup version 0.31-a0-960-g0fca184906 (webtiles) character file.

Game seed: 3911841621968632646

2936 sircluck the Grappler (level 9, -5/84 HPs)
             Began as a Troll Berserker on Oct 23, 2023.
             Was a High Priest of Trog.
             Slain by an orc warrior
             ... wielding a +0 short sword
              (13 damage)
             ... on level 9 of the Dungeon.
             The game lasted 00:08:06 (4360 turns).

sircluck the Grappler (Troll Berserker)             Turns: 4360, Time: 00:08:07

Health: -5/84      AC:  5    Str: 31    XL:     9   Next: 51%
Magic:  8/8        EV: 16    Int:  3    God:    Trog [*****.]
Gold:   289        SH:  0    Dex:  9    Spells: 8/8 levels left

rFire   . .          .
                       - Unarmed
rCold   . . .        (no shield)
rNeg    + . .        a - +0 animal skin
rPois   .            (helmet restricted)
rElec   .            m - +0 cloak
rCorr   .            (gloves unavailable)
SInv    .            (boots unavailable)
Will    .....        (no amulet)
Stlth   ++           j - ring of positive energy
HPRegen 1.14/turn    l - +5 ring of evasion
MPRegen 0.11/turn

%: no passive effects
@: on berserk cooldown, slowed, very slow
A: large, unfitting armour, claws 3, regeneration 1, shaggy fur 1, tough skin 1
a: Renounce Religion, Berserk, Trog's Hand, Brothers in Arms


You were on level 9 of the Dungeon.
You worshipped Trog.
Trog was extremely pleased with you.
You visited 1 branch of the dungeon, and saw 8 of its levels.

You collected 289 gold pieces.

Inventory:

Missiles
 c - 65 stones
 e - 5 poisoned darts
Armour
 a - a +0 animal skin (worn)
 m - a +0 cloak (worn)
Jewellery
 j - a ring of positive energy (left claw)
 l - a +5 ring of evasion (right claw)
 p - a ring of resist corrosion
Wands
 w - a wand of flame (31)
 y - a wand of paralysis (7)
Scrolls
 d - 6 scrolls of identify {unknown}
 f - a scroll of brand weapon {unknown}
 h - 3 scrolls of revelation {unknown}
 i - 3 scrolls of teleportation {unknown}
 k - 2 scrolls of enchant weapon {unknown}
 n - 2 scrolls of blinking {unknown}
 s - a scroll of vulnerability {unknown}
 t - a scroll of immolation {unknown}
 u - a scroll of poison {unknown}
Potions
 b - a potion of degeneration {unknown}
 g - 2 potions of might {unknown}
 o - 3 potions of haste {unknown}
 q - a potion of lignification {unknown}
 r - 2 potions of attraction {unknown}
 v - 2 potions of mutation {unknown}
 x - a potion of brilliance {unknown}


   Skills:
 + Level 4.1 Fighting
 + Level 5.5 Dodging
 + Level 2.0 Stealth
 + Level 11.0 Unarmed Combat


You had 8 spell levels left.
You didn't know any spells.
Your spell library was empty.

Dungeon Overview and Level Annotations

Branches:
Dungeon (7/15)
 Temple: D:4-7

Altars:
Cheibriados
Dithmenos

Shops:
D:1 *   D:3 (


Innate Abilities, Weirdness & Mutations

You are too large for most types of armour.
You have claws for hands.
Your natural rate of healing is unusually fast.
You are covered in fur. (AC +1)
You have tough skin. (AC +1)


Message History

You feel a strong urge to attack something.
The orc shouts!
The killer bee closely misses you. x2
You barely miss the killer bee. The killer bee misses you.
You closely miss the killer bee. The killer bee misses you.
An orc warrior comes into view.
It is wielding a +0 short sword and carrying a wand of iceblast.
You miss the killer bee.
The centaur shouts!
The killer bee misses you.
You mangle the killer bee!!
You kill the killer bee!
Trog accepts your kill.
The orc throws a stone.
The stone misses you.
You slam the door shut with a bang!
You feel a strong urge to attack something.
You are no longer berserk.
You are exhausted.
You feel yourself slow down.
A centaur opens the door.
The orc warrior zaps a wand.
The mass of ice explodes!
The iceblast engulfs you!!
* * * LOW HITPOINT WARNING * * *
The centaur wields a +0 shortbow.
The centaur shoots an arrow.
The arrow closely misses you.
You fail to use your ability.
The centaur shoots an arrow.
The arrow hits you.
* * * LOW HITPOINT WARNING * * *
The orc shoots a bolt.
The bolt barely misses you.
The orc warrior hits you with a +0 short sword!
* * * LOW HITPOINT WARNING * * *
Unknown command.
Unknown command.
Items here: )))) †††.
The orc warrior closely misses you.
The orc warrior attacks as it pursues you!
The orc warrior hits you with a +0 short sword.
* * * LOW HITPOINT WARNING * * *
There is an open door here.
The orc warrior barely misses you.
You fail to use your ability.
The orc warrior hits you with a +0 short sword!
You die...

### .... .....
################......
#...........#.o'o....$
####)..........#c##......
###..))††.......@#.#
.....
....##..†........oc# ....
######...........### ...
#####'####### ## #.# #.#
..# ###


You could see an orc warrior and a centaur.

Vanquished Creatures
  A two-headed ogre (D:9)
  A wyvern (D:9)
  Sigmund (D:2)
  Edmund (D:4)
  2 orc warriors
  2 ice beasts
  2 ogres (D:5)
  2 centaurs
  A phantom (D:6)
  2 scorpions
  6 killer bees (D:9)
  A howler monkey (D:5)
  4 hounds
  5 orc priests
  An iron imp (D:5)
  A sleepcap (D:5)
  4 orc wizards
  Ijyb (D:4)
  6 adders
  7 gnolls
  3 white imps
  4 worms
  4 dart slugs
  24 orcs
  5 ball pythons
  9 endoplasms
  3 giant cockroaches
  6 goblins
  4 hobgoblins
  4 quokkas
  2 bats
  6 frilled lizards
  6 kobolds
  10 rats
141 creatures vanquished.

Notes
Turn   | Place    | Note
-------+----------+-------------------------------------------
     0 | D:1      | sircluck the Troll Berserker began the quest for the Orb.
     0 | D:1      | Reached XP level 1. HP: 22/22 MP: 0/0
    43 | D:1      | Reached XP level 2. HP: 29/29 MP: 1/1
   396 | D:1      | Reached XP level 3. HP: 36/37 MP: 2/2
   448 | D:1      | Reached ** piety under Trog
   504 | D:1      | Found Tuhegees's Assorted Antiques.
  1242 | D:2      | Reached XP level 4. HP: 45/45 MP: 3/3
  1309 | D:2      | Noticed Sigmund
  1317 | D:2      | Killed Sigmund
  1318 | D:2      | Reached skill level 5 in Unarmed Combat
  1318 | D:2      | Reached XP level 5. HP: 53/53 MP: 4/4
  1713 | D:3      | Reached XP level 6. HP: 57/61 MP: 5/5
  1932 | D:3      | Found a faded altar of an unknown god.
  1941 | D:3      | Reached *** piety under Trog
  2000 | D:3      | Found Teyrph's Antique Weapon Shop.
  2478 | D:5      | Entered Level 5 of the Dungeon
  2518 | D:4      | Noticed Edmund
  2533 | D:4      | Killed Edmund
  2534 | D:4      | Reached skill level 6 in Unarmed Combat
  2595 | D:4      | Noticed Ijyb
  2601 | D:4      | Paralysed by Ijyb for 4 turns
  2608 | D:4      | Killed Ijyb
  2710 | D:4      | Reached XP level 7. HP: 67/67 MP: 6/6
  2824 | D:5      | Reached skill level 7 in Unarmed Combat
  2833 | D:5      | Reached skill level 1 in Stealth
  2939 | D:5      | Found a snail-covered altar of Cheibriados.
  3004 | D:5      | Reached **** piety under Trog
  3153 | D:5      | Reached XP level 8. HP: 71/76 MP: 7/7
  3162 | D:5      | Reached skill level 8 in Unarmed Combat
  3720 | D:6      | Reached skill level 9 in Unarmed Combat
  3963 | D:6      | Found a shadowy altar of Dithmenos.
  4167 | D:6      | You fall into a shaft and drop 3 floors!
  4241 | D:9      | Reached skill level 5 in Dodging
  4285 | D:9      | Reached skill level 10 in Unarmed Combat
  4285 | D:9      | Reached XP level 9. HP: 76/84 MP: 8/8
  4326 | D:9      | Noticed a two-headed ogre
  4335 | D:9      | Reached ***** piety under Trog
  4341 | D:9      | Killed a two-headed ogre
  4345 | D:9      | Reached skill level 11 in Unarmed Combat
  4355 | D:9      | HP: 4/84 [orc warrior/+0 short sword (9)]
  4360 | D:9      | Slain by an orc warrior

Illustrated notes

Levels and vault maps discovered:
D:1:      zaba_arrival_water, layout_loops_ring, serial_shops,
          nicolae_shop_peninsula, minmay_tromino_v4_c
D:2:      layout_loops_corners, uniq_sigmund
D:3:      layout_loops_ring, shapermc_ecumenical_altar_mp_highgroup,
          serial_shops, shop, kennysheep_orc_chapel
D:4:      layout_basic, nicolae_ru_sacrificial_ziggurat, uniq_ijyb,
          uniq_menkaure, uniq_edmund
D:5:      layout_gridville, slow_altar_2
D:6:      layout_cave_pools, kennysheep_little_box, nicolae_figureground_sparkle
D:7:      layout_loops_corners, minmay_temple_entry_junction
D:9:      layout_roguey, nicolae_tso_swordbearing_angel, lair_entry_dummy,
          reono_crystal_passage

Skill      XL: |  1  2  3  4  5  6  7  8  9 |
---------------+----------------------------+-----
Fighting       | 3 4 |  4.1
Dodging        | 3 4 5 |  5.5
Unarmed Combat | 5 6 7 10 11 | 11.0
Stealth        | 1 2 |  2.0

Action                     |  1- 3 |  4- 6 |  7- 9 || total
---------------------------+-------+-------+-------++-------
  Melee: Unarmed           |    76 |   123 |   157 ||   356
         Punch             |     1 |     3 |     6 ||    10
 Invoke: Berserk           |       |       |     1 ||     1
   Stab: Sleeping          |     1 |       |     2 ||     3
         Distracted        |       |     1 |       ||     1
 Armour: Animal skin       |    36 |    63 |    95 ||   194
  Dodge: Dodged            |    21 |    88 |   118 ||   227

Table legend: (Time is in decaauts)
 A = Elapsed time spent in this place.
 B = Non-inter-level travel time spent in this place.
 C = Inter-level travel time spent in this place.
 D = Time resting spent in this place.
 E = Time spent auto-exploring this place.
 F = Levels seen in this place.
 G = Mean time per level.
                   A        B        C        D        E       F      G
               +--------+--------+--------+--------+--------+-----+--------+
         Total |   4322 |   4060 |    262 |     56 |   2841 |   8 |  540.2 |
       Dungeon |   4322 |   4060 |    262 |     56 |   2841 |   8 |  540.2 |
               +--------+--------+--------+--------+--------+-----+--------+

Top non-repeatable levels by time:
     D:2: 878 daAuts
     D:3: 775 daAuts
     D:1: 767 daAuts
     D:5: 759 daAuts
     D:6: 580 daAuts
     D:4: 374 daAuts
     D:9: 185 daAuts
     D:7: 1 daAuts
